[Event "Titled Tuesday Blitz March 01 Early 2022"]
[White "Suleymanli, Aydin"]
[Black "Bashirli, Saadat"]
[WhiteFideId "13413937"]
[BlackFideId "13429990"]
[WhiteElo "2529"]
[BlackElo "1173"]
[Result "1-0"]
[Round "06"]
[TimeControl "180+1"]
[Date "2022.03.01"]
[WhiteClock "0:01:12"]
[BlackClock "0:00:53"]

1. e4 c5 2. Nf3 g6 3. h4 Bg7 4. h5 e6 5. c3 Nc6 6. Bb5 Nge7 7. h6 Bf6 8. d4 cxd4 9. cxd4 d6 10. g4 Qa5+ 11. Nc3 Ng8 12. g5 Be7 13. d5 exd5 14. exd5 a6 15. Qd4 f6 16. b4 Qd8 17. Ba4 b5 18. dxc6 bxa4 19. Nd5 Be6 20. Bf4 Bxd5 21. Qxd5 fxg5 22. Nxg5 Bxg5 23. Bxg5 Qc7 24. Kd2 Ne7 25. Rae1 Ra7 26. Rxe7+ Qxe7 27. Bxe7 Rxe7 28. Re1 Rxe1 29. Kxe1 Ke7 30. Qe4+ Kd8 31. Qd4 Re8+ 32. Kd2 Kc7 33. Qa7+ Kxc6 34. Qxa6+ Kc7 35. Qa7+ Kd8 36. Qxh7 Rf8 37. Ke2 Re8+ 38. Kf1 g5 39. Qg7 Re5 40. h7 1-0


[Site "https://www.chess.com"]

[Event "Titled Tuesday Blitz March 01 Early 2022"]
[White "Szpar, Milosz"]
[Black "Santos Flores, Alberto"]
[WhiteFideId "1184989"]
[BlackFideId "3601234"]
[WhiteElo "2447"]
[BlackElo "2293"]
[Result "1-0"]
[Round "06"]
[TimeControl "180+1"]
[Date "2022.03.01"]
[WhiteClock "0:01:37"]
[BlackClock "0:00:17"]

1. e4 c5 2. Nf3 g6 3. c3 Bg7 4. d4 cxd4 5. cxd4 d5 6. e5 Bg4 7. Bb5+ Nc6 8. Nbd2 e6 9. Bxc6+ bxc6 10. h3 Bxf3 11. Nxf3 Ne7 12. O-O Qb6 13. b3 c5 14. Ba3 cxd4 15. Rc1 Nc6 16. Re1 Bf8 17. Bb2 Bg7 18. Nxd4 Nxd4 19. Bxd4 Qa6 20. Bc5 Bf8 21. Bxf8 Kxf8 22. Rc7 Kg7 23. Qf3 Rhf8 24. Qf6+ Kg8 25. Re3 Rac8 26. Re7 Qa5 27. h4 Rc3 28. h5 Rxe3 29. h6 Qe1+ 30. Kh2 Rh3+ 31. gxh3 1-0


[Site "https://www.chess.com"]

[Event "Titled Tuesday Blitz March 01 Early 2022"]
[White "Tanenbaum, Zachary"]
[Black "Estrada Nieto, Julian"]
[WhiteFideId "2060850"]
[BlackFideId "5101018"]
[WhiteElo "2168"]
[BlackElo "2246"]
[Result "0-1"]
[Round "06"]
[TimeControl "180+1"]
[Date "2022.03.01"]
[WhiteClock "0:00:02"]
[BlackClock "0:00:25"]

1. e4 e5 2. Nf3 Nc6 3. Bc4 Bc5 4. c3 d6 5. d4 exd4 6. cxd4 Bb6 7. d5 Ne5 8. Nxe5 dxe5 9. O-O Nf6 10. Nc3 O-O 11. Qe1 Ne8 12. Be3 Nd6 13. Bb3 Qh4 14. Bxb6 axb6 15. f4 Qxe1 16. Raxe1 Re8 17. g3 Bd7 18. Kf2 f6 19. Kf3 b5 20. a3 Kf8 21. Rc1 Rac8 22. Rc2 Ke7 23. Rfc1 c5 24. dxc6 bxc6 25. Rd2 Be6 26. Bxe6 Kxe6 27. f5+ Ke7 28. Nd1 Red8 29. Nf2 Nc4 30. Rdc2 Nd2+ 31. Ke2 Nb3 32. Ke3 Nxc1 33. Rxc1 c5 34. Nd3 c4 35. Nb4 Kd6 36. Nd5 Kc5 37. Rc3 Rxd5 38. exd5 Kxd5 39. b3 Ra8 40. a4 cxb3 41. axb5 Ra3 42. Kd2 b2 43. Rxa3 b1=Q 44. Ra7 Qb2+ 45. Kd1 Qxb5 46. Rxg7 Ke4 47. Ke1 Ke3 48. Kd1 Qb2 49. Rc7 Qd2# 0-1


[Site "https://www.chess.com"]

[Event "Titled Tuesday Blitz March 01 Early 2022"]
[White "Tarhan, Adar"]
[Black "Chigaev, Maksim"]
[WhiteFideId "34544712"]
[BlackFideId "4108116"]
[WhiteElo "1802"]
[BlackElo "2502"]
[Result "0-1"]
[Round "06"]
[TimeControl "180+1"]
[Date "2022.03.01"]
[WhiteClock "0:02:08"]
[BlackClock "0:02:19"]

1. Nf3 Nf6 2. b3 g6 3. Bb2 Bg7 4. e3 O-O 5. Be2 b6 6. d4 Bb7 7. Nbd2 c5 8. c4 cxd4 9. exd4 d5 10. O-O Nc6 11. Rc1 Rc8 12. Qc2 Re8 13. Rfd1 e6 14. Qb1 Ne7 15. Ne5 Nc6 16. Ndf3 Ne4 17. Bd3 Ng5 18. cxd5 Nxe5 19. Rxc8 Nexf3+ 20. gxf3 Qxc8 21. dxe6 Nxf3+ 22. Kf1 Nxh2+ 23. Kg1 Nf3+ 24. Kf1 Qxe6 25. d5 Qh3# 0-1


[Site "https://www.chess.com"]

[Event "Titled Tuesday Blitz March 01 Early 2022"]
[White "Tari, Aryan"]
[Black "Seo, Jung Min"]
[WhiteFideId "1510045"]
[BlackFideId "1734687"]
[WhiteElo "2567"]
[BlackElo "2401"]
[Result "1-0"]
[Round "06"]
[TimeControl "180+1"]
[Date "2022.03.01"]
[WhiteClock "0:00:13"]
[BlackClock "0:00:08"]

1. c4 e6 2. g3 d5 3. Bg2 Nf6 4. Nf3 Be7 5. b3 O-O 6. Bb2 c6 7. O-O b6 8. e3 Bb7 9. Nc3 Nbd7 10. d4 Rc8 11. Qe2 Qc7 12. Rac1 Qb8 13. Rfd1 Rfe8 14. Ne5 Nxe5 15. dxe5 Nd7 16. f4 Red8 17. h4 Qa8 18. h5 Bf8 19. Qg4 dxc4 20. bxc4 c5 21. Bxb7 Qxb7 22. Nb5 Qe4 23. Qe2 a6 24. Nd6 Bxd6 25. Rxd6 Nf8 26. Rcd1 Rxd6 27. Rxd6 b5 28. Kf2 bxc4 29. Bc3 a5 30. Rd2 a4 31. Qf3 Qb1 32. Qd1 Qe4 33. Qxa4 Qh1 34. Qxc4 Qh2+ 35. Kf3 Qh1+ 36. Rg2 Qxh5+ 37. Kf2 Qg4 38. Rg1 h5 39. a4 h4 40. a5 Ng6 41. a6 hxg3+ 42. Rxg3 Qf5 43. Qa4 Qd3 44. e4 Qd8 45. f5 Nf4 46. f6 g6 47. Qc2 c4 48. Kf3 Nh5 49. Rg1 Ra8 50. Ra1 Qb6 51. Qd2 Qc5 52. Bd4 Qf8 53. a7 Rd8 54. Bc5 Qe8 55. Qxd8 Qxd8 56. a8=Q 1-0


[Site "https://www.chess.com"]

[Event "Titled Tuesday Blitz March 01 Early 2022"]
[White "Ter-Sahakyan, Samvel"]
[Black "Hakemi, Arman"]
[WhiteFideId "13302531"]
[BlackFideId "22520805"]
[WhiteElo "2592"]
[BlackElo "2208"]
[Result "1/2-1/2"]
[Round "06"]
[TimeControl "180+1"]
[Date "2022.03.01"]
[WhiteClock "0:00:14"]
[BlackClock "0:00:27"]

1. e4 c5 2. Nf3 e6 3. g3 Nc6 4. Bg2 d5 5. exd5 exd5 6. O-O Nf6 7. d4 Be7 8. dxc5 O-O 9. Be3 Ng4 10. Bd4 Nxd4 11. Nxd4 Bxc5 12. Nc3 Nf6 13. Nb3 Bb6 14. Nxd5 Nxd5 15. Qxd5 Qf6 16. a4 Be6 17. Qxb7 Bc4 18. a5 Bxf1 19. Rxf1 Rab8 20. Qf3 Bd8 21. Qe3 Qxb2 22. Qxa7 Bf6 23. Be4 Rb4 24. Bd3 Qc3 25. Qe3 Rd8 26. Rd1 g6 27. a6 Ra4 28. Qf3 Rxa6 29. Nd2 Ra1 30. Rxa1 Qxa1+ 31. Kg2 Qd4 32. Ne4 Kg7 33. h4 h5 34. Qf4 Qe5 35. Qf3 Be7 36. Nd2 Bc5 37. Ne4 Ba7 38. Ng5 Rd7 39. Bc4 Qf6 40. Qxf6+ Kxf6 41. Bxf7 Rxf7 42. Nxf7 Kxf7 43. f3 Kf6 44. g4 hxg4 45. fxg4 Bd4 46. g5+ Kf5 47. h5 gxh5 48. g6 Kxg6 49. c4 Kg5 50. c5 Bxc5 51. Kh1 Kg4 52. Kg2 h4 53. Kh1 h3 54. Kh2 Kh4 55. Kh1 Kg3 1/2-1/2


[Site "https://www.chess.com"]

[Event "Titled Tuesday Blitz March 01 Early 2022"]
[White "Tomiello, Mateus Costamilan"]
[Black "Khamdamova, Afruza"]
[WhiteFideId "22701958"]
[BlackFideId "14210444"]
[WhiteElo "1975"]
[BlackElo "1660"]
[Result "1-0"]
[Round "06"]
[TimeControl "180+1"]
[Date "2022.03.01"]
[WhiteClock "0:00:05"]
[BlackClock "0:00:01"]

1. d4 Nf6 2. c4 e6 3. Nf3 d5 4. g3 dxc4 5. Bg2 c5 6. O-O Nc6 7. Qa4 Bd7 8. dxc5 Bxc5 9. Qxc4 Bb6 10. Nc3 h6 11. Rd1 O-O 12. e4 Qe7 13. e5 Ne8 14. Ne4 Rc8 15. Qe2 Nb4 16. Bd2 Nd5 17. Rac1 f6 18. Rxc8 Bxc8 19. exf6 Nexf6 20. Nc3 Nxc3 21. Bxc3 Ng4 22. Bd4 Bxd4 23. Nxd4 Nxf2 24. Rf1 Qc5 25. Qe3 e5 26. Nf5 Qxe3 27. Nxe3 Nd3 28. Rd1 Nxb2 29. Rb1 Na4 30. Bxb7 Nb6 31. Be4 Be6 32. a4 Nxa4 33. Ra1 Nc5 34. Bg2 a6 35. Ra5 Rc8 36. h4 Kf7 37. Bf1 Rc6 38. Bg2 Rc7 39. Bf1 Bc8 40. Bc4+ Kg6 41. Nd5 Rd7 42. Rxc5 Bb7 43. Ne3 Kh5 44. Kf2 g5 45. Be2+ Kg6 46. h5+ Kg7 47. Nf5+ Kf6 48. g4 Be4 49. Nxh6 Rh7 50. Ng8+ Kf7 51. Rxe5 Kxg8 52. Rxe4 Ra7 53. Re5 a5 54. Rxg5+ Kf7 55. Bc4+ Kf6 56. Rg6+ Ke5 57. Ra6 Rc7 58. Rxa5+ 1-0


[Site "https://www.chess.com"]

[Event "Titled Tuesday Blitz March 01 Early 2022"]
[White "Tsvetkov, Andrey"]
[Black "Topalov, Aleksandar"]
[WhiteFideId "34139360"]
[BlackFideId "925659"]
[WhiteElo "2280"]
[BlackElo "2098"]
[Result "1-0"]
[Round "06"]
[TimeControl "180+1"]
[Date "2022.03.01"]
[WhiteClock "0:00:03"]
[BlackClock "0:00:25"]

1. d4 Nf6 2. c4 c5 3. d5 d6 4. Nc3 g6 5. e4 Bg7 6. Nf3 O-O 7. Bd3 Na6 8. O-O e5 9. Re1 Nh5 10. a3 Nc7 11. b4 b6 12. Rb1 Nf4 13. Bf1 Qf6 14. g3 Bg4 15. gxf4 exf4 16. e5 dxe5 17. Ne4 Qf5 18. Ned2 Ne8 19. Qb3 Nd6 20. h3 Bxf3 21. Qxf3 Qd7 22. bxc5 bxc5 23. Ne4 Nxe4 24. Qxe4 f5 25. Qf3 g5 26. Bd2 e4 27. Qh5 Rf6 28. Kh1 Rg6 29. Be2 Bd4 30. Rg1 Qg7 31. h4 Bf6 32. hxg5 Bxg5 33. Rxg5 Rxg5 34. Qxg5 Qxg5 35. Rg1 Qxg1+ 36. Kxg1 f3 37. Bd1 Rb8 38. Ba4 Rb2 39. Bg5 e3 40. Bxe3 Ra2 41. d6 Rxa3 42. d7 Rd3 43. Bxc5 Kf7 44. Bc6 a5 45. Bd5+ 1-0


[Site "https://www.chess.com"]

[Event "Titled Tuesday Blitz March 01 Early 2022"]
[White "Tymrakiewicz, Rafal"]
[Black "Horobetz, Graham"]
[WhiteFideId "1108832"]
[BlackFideId "2047322"]
[WhiteElo "2205"]
[BlackElo "2612"]
[Result "0-1"]
[Round "06"]
[TimeControl "180+1"]
[Date "2022.03.01"]
[WhiteClock "0:02:33"]
[BlackClock "0:01:09"]

1. e4 c5 2. c3 Nf6 3. e5 Nd5 4. Nf3 e6 5. d4 cxd4 6. cxd4 d6 7. a3 Nc6 8. Bd3 dxe5 9. dxe5 Be7 10. O-O O-O 11. Qe2 b6 12. Rd1 Bb7 13. h4 g6 14. h5 Qc7 15. Bh6 Rfd8 16. Nbd2 Bf8 17. Bxf8 Nf4 18. Rac1 Nxe2+ 19. Bxe2 Kxf8 20. Ne4 Rxd1+ 21. Rxd1 Nxe5 22. Nfg5 Bxe4 23. Nxe4 Rd8 24. Re1 Kg7 0-1


[Site "https://www.chess.com"]

[Event "Titled Tuesday Blitz March 01 Early 2022"]
[White "Urbina Perez, Juan Antonio"]
[Black "Djokic, Mihailo"]
[WhiteFideId "2217368"]
[BlackFideId "976440"]
[WhiteElo "2192"]
[BlackElo "2008"]
[Result "0-1"]
[Round "06"]
[TimeControl "180+1"]
[Date "2022.03.01"]
[WhiteClock "0:00:42"]
[BlackClock "0:02:19"]

1. d4 Nf6 2. Nf3 g6 3. g3 Bg7 4. Bg2 d6 5. O-O O-O 6. Nc3 c5 7. dxc5 dxc5 8. Qxd8 Rxd8 9. Bf4 Nc6 10. Rfd1 Bf5 11. Ne5 Nxe5 12. Bxe5 Bxc2 13. Rxd8+ Rxd8 14. Rc1 Bf5 15. Bxb7 Ng4 16. Bxg7 Kxg7 17. Bf3 Rd2 18. b3 Ne5 19. Bg2 c4 20. b4 Rb2 21. a3 Rb3 22. f4 Ng4 23. Nb5 a6 24. Nd4 Rxa3 25. Nxf5+ gxf5 26. h3 Ne3 27. Bb7 c3 28. Kf2 c2 29. Bxa6 Nd1+ 30. Ke1 Rxa6 31. Rxc2 Ne3 32. Rc3 Nd5 33. Rb3 Rb6 34. b5 Nc7 0-1


[Site "https://www.chess.com"]

[Event "Titled Tuesday Blitz March 01 Early 2022"]
[White "Van den Dikkenberg, Erik"]
[Black "Tashkov, Rumen"]
[WhiteFideId "1005880"]
[BlackFideId "2904004"]
[WhiteElo "2118"]
[BlackElo "2181"]
[Result "1-0"]
[Round "06"]
[TimeControl "180+1"]
[Date "2022.03.01"]
[WhiteClock "0:00:22"]
[BlackClock "0:00:16"]

1. e4 d6 2. d4 Nf6 3. Nc3 g6 4. Bg5 Bg7 5. Qd2 c6 6. f3 b5 7. h4 Nbd7 8. O-O-O b4 9. Nce2 Qa5 10. Kb1 Rb8 11. Nc1 h6 12. Be3 Qc7 13. Nh3 a5 14. Nf4 Bb7 15. Bc4 c5 16. d5 Ne5 17. Bb5+ Kf8 18. Bc6 Nc4 19. Qe2 Ba6 20. Qf2 Nxb2 21. e5 Nxd1 22. Rxd1 dxe5 23. Nfd3 Bxd3 24. Nxd3 Ne8 25. Nxc5 Nd6 26. Nd7+ Kg8 27. Nxb8 Qxb8 28. Bc5 Kh7 29. g4 Rd8 30. h5 g5 31. Qe3 Qc7 32. Bb6 Nc4 33. Qe4+ 1-0


[Site "https://www.chess.com"]

[Event "Titled Tuesday Blitz March 01 Early 2022"]
[White "Vantika, Agrawal"]
[Black "Heinemann, Josefine"]
[WhiteFideId "25050389"]
[BlackFideId "12900460"]
[WhiteElo "2075"]
[BlackElo "2300"]
[Result "1-0"]
[Round "06"]
[TimeControl "180+1"]
[Date "2022.03.01"]
[WhiteClock "0:01:31"]
[BlackClock "0:00:05"]

1. d4 Nf6 2. c4 e6 3. g3 d5 4. Bg2 dxc4 5. Nf3 c5 6. O-O Nc6 7. Qa4 Bd7 8. Qxc4 b5 9. Qd3 c4 10. Qc2 Rc8 11. Nc3 b4 12. Ne4 Nxe4 13. Qxe4 Be7 14. Rd1 O-O 15. h4 h6 16. Bf4 Na5 17. Ne5 Ba4 18. Rdc1 Nc6 19. Rxc4 Nxe5 20. Rxc8 Qxc8 21. Bxe5 Bc2 22. Qe3 Bg6 23. Rc1 Qa6 24. d5 exd5 25. Bxd5 Re8 26. Rc6 Qa5 27. Rxg6 Qxd5 28. Rxg7+ Kf8 29. Qxh6 Bd8 30. Bd6+ 1-0


[Site "https://www.chess.com"]

[Event "Titled Tuesday Blitz March 01 Early 2022"]
[White "Vetokhin, Ilia"]
[Black "Miszler, Levente"]
[WhiteFideId "24156078"]
[BlackFideId "763276"]
[WhiteElo "1897"]
[BlackElo "1966"]
[Result "1-0"]
[Round "06"]
[TimeControl "180+1"]
[Date "2022.03.01"]
[WhiteClock "0:00:13"]
[BlackClock "0:00:05"]

1. d4 d5 2. c4 c6 3. g3 Nf6 4. Bg2 g6 5. Nf3 Bg7 6. O-O dxc4 7. Ne5 Be6 8. Na3 Bd5 9. Naxc4 Bxg2 10. Kxg2 Qd5+ 11. f3 c5 12. e4 Qxd4 13. Qa4+ Nfd7 14. Rd1 Qxd1 15. Qxd1 Nxe5 16. Nxe5 Bxe5 17. f4 Bd4 18. Qe2 Nc6 19. Be3 O-O-O 20. Rc1 b6 21. a3 Kb7 22. b4 cxb4 23. axb4 Bxe3 24. Qxe3 Nxb4 25. Qb3 Nc6 26. Qxf7 Rd2+ 27. Kh3 Rhd8 28. e5 a5 29. Qe6 Rc8 30. Qb3 Rd4 31. Qb2 Rb4 32. Qg2 a4 33. Qd5 a3 34. Ra1 Ra4 35. Qb3 Ra5 36. Rxa3 Nd4 37. Qb2 Rxa3 38. Qxa3 Nc6 39. g4 Kc7 40. Qe3 Rb8 41. f5 b5 42. f6 exf6 43. exf6 Kd7 44. Qd3+ Kc7 45. f7 Ne5 46. Qd5 Nxf7 47. Qxf7+ Kc6 48. Qxh7 b4 49. Qxg6+ Kc7 50. Qc2+ Kd7 51. Qd3+ Kc7 52. Qc4+ Kd7 53. Qb3 Kc7 54. g5 Rb6 55. Kg4 Rd6 56. h4 Rd4+ 57. Kh5 Kd6 58. g6 Rd3 59. Qxd3+ Ke5 60. Qb3 1-0


[Site "https://www.chess.com"]

[Event "Titled Tuesday Blitz March 01 Early 2022"]
[White "Vifleemskaia, Svetlana"]
[Black "Moreira, Ronaldo Alonso"]
[WhiteFideId "4129490"]
[BlackFideId "2110547"]
[WhiteElo "1901"]
[BlackElo "2037"]
[Result "1-0"]
[Round "06"]
[TimeControl "180+1"]
[Date "2022.03.01"]
[WhiteClock "0:01:28"]
[BlackClock "0:00:05"]

1. d4 Nf6 2. c4 e6 3. Nc3 d5 4. cxd5 exd5 5. Bg5 Be7 6. e3 h6 7. Bh4 Nbd7 8. Bd3 c6 9. Nge2 Ne4 10. Bxe7 Qxe7 11. Qc2 Ndf6 12. O-O O-O 13. Rae1 Re8 14. f3 Nd6 15. Ng3 Bd7 16. e4 dxe4 17. fxe4 Nb5 18. Bxb5 cxb5 19. e5 Nh7 20. Nce4 Bc6 21. Nd6 Rf8 22. Qb3 Qe6 23. Rd1 Qxb3 24. axb3 Bd5 25. b4 a6 26. Rc1 Ng5 27. Rc5 Bc4 28. Nxc4 bxc4 29. Rxc4 Rac8 30. Rfc1 Rxc4 31. Rxc4 Ne6 32. d5 Nf4 33. Rxf4 1-0


[Site "https://www.chess.com"]

[Event "Titled Tuesday Blitz March 01 Early 2022"]
[White "Vivas Zamora, Fabian Ernesto"]
[Black "Samunenkov, Ihor"]
[WhiteFideId "3902480"]
[BlackFideId "14187086"]
[WhiteElo "1966"]
[BlackElo "2406"]
[Result "0-1"]
[Round "06"]
[TimeControl "180+1"]
[Date "2022.03.01"]
[WhiteClock "0:00:06"]
[BlackClock "0:00:05"]

1. c4 c5 2. Nf3 Nc6 3. d4 cxd4 4. Nxd4 Nf6 5. Nc3 e6 6. g3 Qb6 7. Ndb5 Ne5 8. Bg2 Nxc4 9. b3 Ne5 10. O-O d5 11. Be3 Qd8 12. Bxa7 Nc6 13. Be3 Be7 14. Na4 Nd7 15. Bf4 e5 16. Bc1 d4 17. e3 Qa5 18. Qe2 O-O 19. exd4 exd4 20. Bxc6 bxc6 21. Nxd4 Bf6 22. Nxc6 Qa6 23. Ne7+ Kh8 24. Qxa6 Bxa6 25. Ba3 Bxf1 26. Rxf1 Nb6 27. Nxb6 Rxa3 28. Ned5 Bd4 29. Rd1 Bxb6 30. Nxb6 Rxa2 31. Rd3 g6 32. Nc4 Kg7 33. Kg2 Re8 34. Rf3 Re7 35. Nd6 Rb2 36. h4 h5 37. Kh3 Rd7 38. Nc4 Ra2 39. Ne5 Re7 40. Nc6 Ree2 41. Kg2 Re6 42. Nd8 Rf6 43. Nb7 Rxf3 44. Kxf3 Rb2 45. Nc5 Kf6 46. Ke3 Ke7 47. f3 Kd6 48. Kd4 Rd2+ 49. Nd3 f6 50. b4 g5 51. Ke3 Rc2 52. Nf2 gxh4 53. gxh4 Rc4 54. Ne4+ Ke5 55. b5 Rb4 56. Nd2 Rxb5 57. f4+ Ke6 58. Nf3 Rb3+ 59. Kf2 Rb2+ 60. Kg3 Kf5 61. Nd4+ Ke4 62. Ne6 Rb3+ 63. Kf2 Rf3+ 64. Ke2 Rxf4 65. Nxf4 Kxf4 66. Kf2 Kg4 67. Ke3 Kxh4 68. Kf4 Kh3 69. Kf3 h4 70. Kf2 Kg4 0-1


[Site "https://www.chess.com"]

[Event "Titled Tuesday Blitz March 01 Early 2022"]
[White "Voege, Tobias"]
[Black "Zaksaite, Salomeja"]
[WhiteFideId "1270513"]
[BlackFideId "12801496"]
[WhiteElo "2335"]
[BlackElo "2002"]
[Result "1-0"]
[Round "06"]
[TimeControl "180+1"]
[Date "2022.03.01"]
[WhiteClock "0:00:10"]
[BlackClock "0:00:01"]

1. e4 c5 2. Nf3 e6 3. d4 cxd4 4. Nxd4 Nf6 5. Nc3 Nc6 6. Be3 Bb4 7. f3 d5 8. Bb5 Bd7 9. Bxc6 bxc6 10. e5 c5 11. exf6 Qxf6 12. O-O cxd4 13. Bxd4 Qg6 14. f4 O-O 15. f5 exf5 16. Nxd5 Bc6 17. Nf4 Qd6 18. Kh1 Rad8 19. c3 Bc5 20. Bxc5 Qxc5 21. Qh5 g6 22. Qh6 Rd2 23. Rg1 Rfd8 24. Qg5 Qe5 25. Rae1 Qg7 26. Re7 h6 27. Qg3 Qf6 28. Rxa7 Rxb2 29. c4 Qd6 30. Ra6 Rd2 31. Nd5 Qxg3 32. hxg3 Bxd5 33. cxd5 R8xd5 34. Ra8+ Kg7 35. Ra7 f4 36. g4 h5 37. Rf1 hxg4 38. Rxf4 g3 39. Raxf7+ Kg8 40. Rf8+ Kg7 41. R8f7+ Kg8 42. Rf8+ Kg7 43. Kg1 Rd1+ 44. Rf1 Rxf1+ 45. Rxf1 Rd2 46. Ra1 Kf6 47. a4 Rd6 48. a5 Ra6 49. Kf1 Ke5 50. Ke2 Kd4 51. Kf3 Ke5 52. Kxg3 Kf5 53. Kf3 Kg5 54. Ra4 Kf5 55. Ke3 Ke5 56. Kd3 Kd5 57. Rg4 Kc5 58. Rg5+ Kb4 59. Ke4 Re6+ 60. Re5 Rf6 61. g4 Ka4 62. Rd5 Rc6 63. Kf4 1-0


[Site "https://www.chess.com"]

[Event "Titled Tuesday Blitz March 01 Early 2022"]
[White "Vokhidov, Shamsiddin"]
[Black "Bryakin, Mikhail"]
[WhiteFideId "14204223"]
[BlackFideId "4165314"]
[WhiteElo "2611"]
[BlackElo "2421"]
[Result "1-0"]
[Round "06"]
[TimeControl "180+1"]
[Date "2022.03.01"]
[WhiteClock "0:02:22"]
[BlackClock "0:01:38"]

1. e4 e6 2. d4 d5 3. Nc3 Bb4 4. Ne2 Ne7 5. a3 Bxc3+ 6. Nxc3 O-O 7. Bd3 dxe4 8. Bxe4 Nf5 9. Bxf5 exf5 10. O-O Nc6 11. d5 Ne5 12. Re1 Ng6 13. Be3 Re8 14. Qd2 Qh4 15. Bg5 Rxe1+ 16. Rxe1 Qc4 17. Re8+ Nf8 18. Be7 1-0


[Site "https://www.chess.com"]

[Event "Titled Tuesday Blitz March 01 Early 2022"]
[White "Volkov, Maksim"]
[Black "Neiksans, Arturs"]
[WhiteFideId "54123070"]
[BlackFideId "11601388"]
[WhiteElo "2081"]
[BlackElo "2447"]
[Result "0-1"]
[Round "06"]
[TimeControl "180+1"]
[Date "2022.03.01"]
[WhiteClock "0:00:13"]
[BlackClock "0:00:34"]

1. d4 d5 2. c4 e6 3. Nf3 a6 4. cxd5 exd5 5. Nc3 c6 6. Bf4 Bd6 7. Bxd6 Qxd6 8. e3 Ne7 9. Bd3 Bf5 10. O-O O-O 11. Ne5 Nd7 12. Bxf5 Nxf5 13. Nd3 a5 14. Qg4 g6 15. Rab1 Qe7 16. Rfe1 Nd6 17. Na4 h5 18. Qe2 Kg7 19. a3 Rfe8 20. Qc2 Nf6 21. b4 axb4 22. axb4 Ng4 23. Nac5 Qh4 24. h3 Nh6 25. Ra1 Qe7 26. Ne5 Nb5 27. Ned7 Red8 28. Nb6 Rxa1 29. Rxa1 Nf5 30. Qd2 Nfd6 31. Qd3 g5 32. g3 Ne4 33. Nba4 Nbd6 34. Nxe4 Nxe4 35. Nc5 Nd6 36. Ra7 Rc8 37. Qc2 Rc7 38. Nd3 Qe6 39. Kh2 Qf5 40. Ne1 Qf6 41. Nd3 Nb5 42. Ra8 Qf5 43. Ne1 Qe6 44. Nd3 Nd6 45. Ne5 Ne4 46. f3 Nd6 47. g4 Qh6 48. Kg3 Re7 49. Kg2 f6 50. Nd3 hxg4 51. hxg4 Rxe3 52. Rd8 Nf7 53. Rd7 Qh7 54. Ne1 Qxc2+ 55. Nxc2 Re2+ 56. Kf1 Rxc2 57. Rxb7 0-1


[Site "https://www.chess.com"]

[Event "Titled Tuesday Blitz March 01 Early 2022"]
[White "Wachinger, Guenther"]
[Black "Matveeva, Olga"]
[WhiteFideId "4604261"]
[BlackFideId "24107018"]
[WhiteElo "2212"]
[BlackElo "2083"]
[Result "0-1"]
[Round "06"]
[TimeControl "180+1"]
[Date "2022.03.01"]
[WhiteClock "0:01:26"]
[BlackClock "0:00:56"]

1. e4 e6 2. d4 d5 3. Nd2 c5 4. exd5 Qxd5 5. Ngf3 cxd4 6. Bc4 Qd6 7. O-O Nf6 8. Nb3 Nc6 9. Nbxd4 Nxd4 10. Nxd4 a6 11. Re1 Qc7 12. Bb3 Bd7 13. Bg5 Bd6 14. Nf5 Bxh2+ 15. Kh1 O-O-O 16. Nxg7 Be5 17. Qf3 Bc6 18. Qh3 Ne4 19. Qh4 Nxg5 20. Qxg5 Bxg7 21. Qxg7 Rhg8 22. Bxe6+ fxe6 23. Qxc7+ Kxc7 24. Rxe6 Bxg2+ 25. Kh2 Bd5 26. Re7+ Rd7 27. Rxd7+ Kxd7 28. Rd1 Ke6 29. b3 Rg2+ 30. Kh3 Rxf2 31. c4 Be4 32. Rd8 Rxa2 33. Re8+ Kf5 34. Rf8+ Ke5 35. Re8+ Kf4 36. Rf8+ Bf5+ 37. Rxf5+ Kxf5 38. b4 0-1


[Site "https://www.chess.com"]

[Event "Titled Tuesday Blitz March 01 Early 2022"]
[White "Wagner, Dennis"]
[Black "Sargsyan, Anna M."]
[WhiteFideId "24650684"]
[BlackFideId "13308130"]
[WhiteElo "2355"]
[BlackElo "2271"]
[Result "0-1"]
[Round "06"]
[TimeControl "180+1"]
[Date "2022.03.01"]
[WhiteClock "0:00:02"]
[BlackClock "0:00:13"]

1. d4 d5 2. c4 c6 3. Nf3 Nf6 4. g3 Bf5 5. Nc3 e6 6. Nh4 Bg4 7. h3 Bh5 8. g4 Nfd7 9. Ng2 Bg6 10. Nf4 Bd6 11. Nxg6 hxg6 12. Qb3 Na6 13. c5 Ndxc5 14. dxc5 Nxc5 15. Qc2 Qe7 16. Bg2 O-O-O 17. b4 Nd7 18. a3 f5 19. g5 Kb8 20. Bd2 e5 21. b5 d4 22. bxc6 dxc3 23. Qxc3 Nb6 24. a4 e4 25. a5 Nd5 26. Qb3 Bb4 27. Rd1 Bxd2+ 28. Rxd2 Qb4 29. Qxb4 Nxb4 30. cxb7 Kxb7 31. f3 Rxd2 32. Kxd2 Rd8+ 33. Ke3 Nd5+ 34. Kf2 e3+ 35. Kg3 Nc3 36. f4+ Ka6 37. Kf3 Kxa5 38. Ra1+ Kb6 39. Kxe3 Re8+ 40. Kd3 Nxe2 41. Rb1+ Kc5 42. Rf1 a5 43. Kd2 a4 44. Rf3 Kb4 45. Bf1 Nd4 46. Rd3 Nb3+ 47. Kc2 Re1 48. Rf3 Rc1+ 49. Kb2 a3+ 50. Ka2 Ra1# 0-1


[Site "https://www.chess.com"]

[Event "Titled Tuesday Blitz March 01 Early 2022"]
[White "Wahedi, Ahmad Siar"]
[Black "Gerbelli Neto, Eduardo"]
[WhiteFideId "4651260"]
[BlackFideId "2103281"]
[WhiteElo "2355"]
[BlackElo "2178"]
[Result "1-0"]
[Round "06"]
[TimeControl "180+1"]
[Date "2022.03.01"]
[WhiteClock "0:00:49"]
[BlackClock "0:00:05"]

1. c4 c5 2. Nc3 Nf6 3. g3 d5 4. cxd5 Nxd5 5. Bg2 Nc7 6. e3 Nc6 7. Nge2 e5 8. O-O Be7 9. f4 O-O 10. f5 Qd3 11. Be4 Qd8 12. b3 f6 13. Rf2 Rb8 14. g4 Nb4 15. Ng3 Nd3 16. Rg2 b6 17. h4 Bb7 18. Qf1 Bxe4 19. Ngxe4 Nxc1 20. Rxc1 Nd5 21. Nxd5 Qxd5 22. Qf3 Rbd8 23. g5 fxg5 24. hxg5 Kh8 25. Rf1 Qf7 26. Rh2 Kg8 27. g6 hxg6 28. Qh3 Qd5 29. Qh7+ Kf7 30. Qxg6+ Kg8 31. f6 Bxf6 32. Nxf6+ 1-0


[Site "https://www.chess.com"]

[Event "Titled Tuesday Blitz March 01 Early 2022"]
[White "Weetik, Vjacheslav"]
[Black "Dobre, Claudiu-Cristian"]
[WhiteFideId "4153472"]
[BlackFideId "1211854"]
[WhiteElo "2469"]
[BlackElo "2207"]
[Result "1-0"]
[Round "06"]
[TimeControl "180+1"]
[Date "2022.03.01"]
[WhiteClock "0:00:03"]
[BlackClock "0:00:02"]

1. e4 c6 2. d4 d5 3. e5 Bf5 4. h4 h5 5. Bg5 Qb6 6. Bd3 Bxd3 7. Qxd3 e6 8. Nd2 Ne7 9. Ne2 Qa6 10. c4 dxc4 11. Nxc4 Nf5 12. O-O Nd7 13. Ng3 Nb6 14. b3 g6 15. Ne4 Be7 16. Bxe7 Kxe7 17. Nc5 Qb5 18. a4 Qb4 19. a5 Nxc4 20. bxc4 Rhd8 21. Rfb1 Qxc5 22. Rxb7+ Ke8 23. Qxf5 gxf5 24. dxc5 a6 25. Rab1 Rac8 26. Ra7 Ra8 27. Rc7 Rac8 28. Rxc8 Rxc8 29. Rb6 Rd8 30. Rxc6 Rd4 31. Rxa6 Rxc4 32. c6 Kd8 33. g3 Rc5 34. f4 Kc8 35. Kg2 Rc3 36. Ra7 Rxc6 37. Rxf7 Ra6 38. Rh7 Rxa5 39. Rxh5 Kd7 40. Rh6 Ra8 41. h5 Re8 42. Kh3 Kc6 43. Rg6 Rh8 44. h6 Kd5 45. Kh4 Rh7 46. Kg5 Ke4 47. Rxe6 Kf3 48. Kxf5 Kxg3 49. Kg6 Rh8 50. f5 Kf4 51. Kg7 Ra8 52. f6 Ra7+ 53. f7 Kf5 54. Rf6+ Kxe5 55. h7 Kd5 56. h8=Q Ke5 57. Qe8+ Kd5 58. Qd8+ Kc5 59. Qe7+ Kd5 60. Qxa7 Ke5 61. f8=Q 1-0


[Site "https://www.chess.com"]